 Dungeon Crawl Stone Soup version 0.28.0-53-g5a82cb258f (webtiles) character file.

Game seed: 14804642368625335785

37 Plasmagod the Slasher (level 3, 0/35 HPs)
             Began as a Gnoll Cinder Acolyte on July 22, 2022.
             Was a High Priest of Ignis.
             Slain by an adder (3 damage)
             ... on level 2 of the Dungeon.
             The game lasted 00:03:01 (1344 turns).

Plasmagod the Slasher (Gnoll Cinder Acolyte)        Turns: 1344, Time: 00:03:01

Health: 0/35       AC:  2    Str: 13    XL:     3   Next: 39%
Magic:  7/7        EV: 11    Int: 13    God:    Ignis [*****.]
Gold:   20         SH:  0    Dex:  9    Spells: 5/7 levels left

rFire   + . .      SeeInvis .   a - -1 falchion (flame)
rCold   . . .      Faith    .   (no shield)
rNeg    . . .      Spirit   .   b - +0 robe
rPois   .          Reflect  .   (no helmet)
rElec   .          Harm     .   (no cloak)
rCorr   .          Rampage  .   (no gloves)
Will    .....                   (no boots)
Stlth   +.........              (no amulet)
HPRegen 0.11/turn               (no ring)
MPRegen 0.10/turn               (no ring)

@: lethally poisoned (0 -> -2)
A: fangs 1, strong nose, distributed training
a: Renounce Religion, Fiery Armour, Foxfire Swarm, Rising Flame


You were on level 2 of the Dungeon.
You worshipped Ignis.
Ignis was extremely pleased with you.
You visited 1 branch of the dungeon, and saw 2 of its levels.

You collected 20 gold pieces.

Inventory:

Hand Weapons
 a - a -1 falchion of flaming (weapon)
Missiles
 g - 3 silver javelins (quivered)
Armour
 b - a +0 robe (worn)
Scrolls
 c - 3 scrolls of brand weapon {unknown}
 d - a scroll of enchant armour {unknown}
 e - a scroll of vulnerability {unknown}
 f - a scroll of amnesia {unknown}
 h - a scroll of enchant weapon {unknown}


   Skills:
 + Level 6.5 Fighting
 + Level 0.7 Short Blades
 + Level 6.5 Long Blades
 + Level 0.7 Axes
 + Level 0.7 Maces & Flails
 + Level 0.7 Polearms
 + Level 0.7 Staves
 + Level 0.7 Slings
 + Level 0.7 Bows
 + Level 0.7 Crossbows
 + Level 0.7 Throwing
 + Level 0.7 Armour
 + Level 0.7 Dodging
 + Level 0.7 Stealth
 + Level 0.7 Shields
 + Level 0.7 Unarmed Combat
 + Level 2.8 Spellcasting
 + Level 0.5 Conjurations
 + Level 0.5 Hexes
 + Level 0.5 Summonings
 + Level 0.5 Necromancy
 + Level 0.5 Translocations
 + Level 0.5 Transmutations
 + Level 5.4 Fire Magic
 + Level 0.5 Ice Magic
 + Level 0.5 Air Magic
 + Level 0.5 Earth Magic
 + Level 0.5 Poison Magic
 + Level 0.9 Invocations
 + Level 0.7 Evocations


You had 5 spell levels left.
You knew the following spells:

 Your Spells              Type           Power      Damage    Failure   Level
a - Scorch                Fire           30%        2d7       3%          2

Your spell library contained the following spells:

 Spells                   Type           Power      Damage    Failure   Level
 Leda's Liquefaction      Hex/Erth       1%         N/A       88%         4
 Lee's Rapid Deconstruct  Erth           1%         3d5*      99%         5
 Statue Form              Tmut/Erth      2%         N/A       100%        6


Dungeon Overview and Level Annotations

Branches:
Dungeon (2/15)

Altars:


Innate Abilities, Weirdness & Mutations

You have very sharp teeth.
Your uncanny sense of smell can sniff out nearby items.
Your experience applies equally to all skills.


Message History

The worm is severely wounded.
The adder barely misses you. The worm bites you.
You hit the worm but do no damage.
The worm is severely wounded.
The adder bites you but does no damage.
You hit the worm. You burn the worm.
You kill the worm!
The adder closely misses you.
You closely miss the adder. The adder misses you. The adder bites you.
You are poisoned.
The adder poisons you!
You hit the adder. You burn the adder.
The adder is heavily wounded.
You feel sick. The adder bites you.
You hit the adder. You burn the adder.
The adder is severely wounded.
You feel sick. The adder barely misses you.
You completely miss the adder. You bite the adder, but do no damage.
The adder is severely wounded.
You feel sick. The adder bites you.
You closely miss the adder.
The adder is severely wounded.
You feel sick. The adder misses you. The adder closely misses you.
You closely miss the adder.
The adder is severely wounded.
You feel sick.
You are no longer poisoned.
The adder bites you.
* * * LOW HITPOINT WARNING * * *
You closely miss the adder.
The adder is severely wounded.
The adder bites you.
* * * LOW HITPOINT WARNING * * *
You are poisoned.
The adder poisons you!
You completely miss the adder.
The adder is severely wounded.
* * * LOW HITPOINT WARNING * * *
You feel sick. The adder bites you.
You die...

..# #..### .##
#..<.. .. .... ..
..< .# #
#.###.#####
##.#.#†.........
#.....@S....##..
.......#.<.>.....
...#.#.#....>.###
..............#
#............##
###.....!....#
##..........#
#..##.......#
#..∆#.....#.^


You could see an adder.

Vanquished Creatures
  A worm (D:2)
  3 ball pythons
  5 endoplasms (D:1)
  A giant cockroach (D:1)
  6 goblins (D:1)
  A hobgoblin (D:1)
  2 quokkas (D:1)
  3 bats (D:1)
  A frilled lizard (D:1)
  5 kobolds (D:1)
28 creatures vanquished.

Notes
Turn   | Place    | Note
-------+----------+-------------------------------------------
     0 | D:1      | Plasmagod the Gnoll Cinder Acolyte began the quest for the
                  | Orb.
     0 | D:1      | Reached XP level 1. HP: 23/23 MP: 4/4
   174 | D:1      | Reached XP level 2. HP: 27/29 MP: 5/5
   301 | D:1      | Learned a level 2 spell: Scorch
   486 | D:1      | Noticed a shining eye
   488 | D:1      | Found a faded altar of an unknown god.
   490 | D:1      | Noticed a shining eye
   490 | D:1      | Noticed a floating eye
   490 | D:1      | Noticed an eye of devastation
   757 | D:1      | Reached XP level 3. HP: 29/35 MP: 7/7
  1344 | D:2      | Slain by an adder

Illustrated notes

Levels and vault maps discovered:
D:1:      arrival_zaba_pyramid, layout_basic,
          hellmonk_ecumenical_altar_watching_god, st_stairs_10,
          kennysheep_decorative_pillar, hangedman_decor_points,
          lemuel_old_faithful
D:2:      layout_rooms, kennysheep_generic_room_10

Action                   || total
-------------------------++-------
Melee: Falchion          ||    86
       Bite              ||     6
       Punch             ||     1
Invok: Fiery Armour      ||     1
 Stab: Sleeping          ||     1
Armor: Robe              ||    17
Dodge: Dodged            ||    50
